 Dungeon Crawl Stone Soup version 0.28-a0-819-g6ef7baa362 (webtiles) character file.

Game seed: 5081163097143760865

922 flotson the Skirmisher (level 7, -3/56 HPs)
             Began as a Demonspawn Delver on Nov 9, 2021.
             Was an Initiate of Gozag.
             Killed by divine providence
             ... invoked by an orc priest
              (13 damage)
             ... on level 5 of the Dungeon.
             The game lasted 00:10:10 (5698 turns).

flotson the Skirmisher (Demonspawn Delver)          Turns: 5698, Time: 00:10:11

Health: -3/56      AC: 13    Str: 14    XL:     7   Next: 84%
Magic:  7/7        EV: 10    Int: 17    God:    Gozag
Gold:   283        SH:  8    Dex: 15    Spells: 6/6 levels left

rFire   . . .      SeeInvis .   b - +0 whip (vamp)
rCold   . . .      Faith    .   C - +0 kite shield
rNeg    . . .      Spirit   .   t - +3 leather armour
rPois   .          Reflect  .   z - +0 helmet
rElec   .          Harm     .   (no cloak)
rCorr   .          Rampage  .   (no gloves)
Will    .....                   (no boots)
Stlth   +++.......              k - amulet of the acrobat
HPRegen 0.18/turn               p - +4 ring of protection
MPRegen 0.10/turn               A - +6 ring of intelligence

@: no status effects
A: yellow scales 1, ignite blood 1, demonic magic 1, weakness stinger 1
a: Renounce Religion, Potion Petition, Call Merchant, Bribe Branch


You were on level 5 of the Dungeon.
You worshipped Gozag.
Gozag was aware of your devotion.
You visited 2 branches of the dungeon, and saw 6 of its levels.

You collected 393 gold pieces.
You spent 42 gold pieces at shops.
You paid 68 gold pieces to Gozag.

Inventory:

Hand Weapons
 a - a +0 war axe
 b - a +0 vampiric whip (weapon)
Missiles
 r - 9 poisoned darts
 s - 4 javelins (quivered)
Armour
 h - the +2 robe of Ulucyamie {rElec Will+}
   (You found it on level 4 of the Dungeon)

   rElec:     It insulates you from electricity.
   Will:      It increases your willpower.
 t - a +3 leather armour (worn)
 z - a +0 helmet (worn)
 C - a +0 kite shield (worn)
Jewellery
 k - an amulet of the acrobat (around neck)
 p - a +4 ring of protection (left hand)
 A - a +6 ring of intelligence (right hand)
Wands
 g - a wand of digging (3)
 y - a wand of polymorph (8)
Scrolls
 c - a scroll of fog
 d - a scroll of magic mapping
 e - 3 scrolls of noise {unknown}
 f - a scroll of vulnerability {unknown}
 j - a scroll of enchant armour {unknown}
 l - 2 scrolls of identify {unknown}
 q - a scroll of summoning {unknown}
 u - 5 scrolls of teleportation {unknown}
 B - a scroll of amnesia {unknown}
Potions
 i - a potion of curing
 m - a potion of attraction {unknown}
 n - a potion of invisibility {unknown}
 o - a potion of might {unknown}
 v - 2 potions of degeneration {unknown}
 w - a potion of magic {unknown}
 x - a potion of heal wounds {unknown}


   Skills:
 + Level 5.4 Fighting
 - Level 1.7(2.0) Axes
 + Level 1.2(1.7) Maces & Flails
 + Level 3.0 Throwing
 + Level 3.8 Armour
 + Level 4.5 Dodging
 - Level 4.5 Stealth
 + Level 1.1 Shields


You had 6 spell levels left.
You didn't know any spells.
Your spell library contained the following spells:

 Spells                   Type           Power      Damage    Failure   Level
 Summon Small Mammal      Summ           0%         N/A       87%         1
 Blink                    Tloc           0%         N/A       95%         2
 Call Canine Familiar     Summ           0%         N/A       99%         3
 Lesser Beckoning         Tloc           0%         N/A       99%         3
 Portal Projectile        Hex/Tloc       0%         N/A       99%         3
 Summon Guardian Golem    Hex/Summ       0%         N/A       99%         3
 Blade Hands              Tmut           0%         N/A       100%        5
 Excruciating Wounds      Necr           0%         N/A       100%        5
 Freezing Cloud           Conj/Ice/Air   0%         6-21      100%        5
 Manifold Assault         Tloc           0%         N/A       100%        5
 Simulacrum               Ice/Necr       0%         N/A       100%        6
 Polar Vortex             Ice            0%         N/A       100%        9


Dungeon Overview and Level Annotations

Branches:
Dungeon (5/15)             Temple (1/1) D:4

Altars:
Fedhas
Gozag
Ru
Sif Muna
Uskayaw
Vehumet
Zin
The Shining One

Shops:
D:1 *   D:3 *


Innate Abilities, Weirdness & Mutations

You are partially covered in yellow scales. (AC +2)
Your demonic aura sometimes causes spilled blood to erupt in flames.
Spells you cast may paralyse adjacent enemies.
You have a small tail.


Message History

The orc priest hits you but does no damage.
You hit the orc priest but do no damage.
The orc priest is lightly wounded.
You block the orc's attack.
The orc priest calls upon Beogh to heal the orc.
Unknown command.
You hit the orc priest.
The orc priest is heavily wounded.
You block the orc priest's attack. Something hits you but does no damage.
You barely miss the orc priest.
The orc priest is heavily wounded.
The orc priest hits you but does no damage.
Something hits you.
The orc priest hits you with a +0 short sword.
You hit the orc priest.
The orc priest is heavily wounded.
Something hits you but does no damage.
You are electrocuted!
The orc priest calls down the wrath of Beogh upon you.
Beogh smites you!
* * * LOW HITPOINT WARNING * * *
You hit the orc priest.
You feel better.
The orc priest is almost dead.
Something hits you but does no damage.
The orc priest miscasts a cantrip.
Something hits you but does no damage.
You closely miss the orc priest. You tail-slap the orc priest.
The orc priest is almost dead.
You block the orc priest's attack. Something hits you but does no damage.
The orc priest begins to cast a cantrip, but forgets the words!
You barely miss the orc priest.
The orc priest is almost dead.
Something hits you but does no damage.
You are electrocuted!
* * * LOW HITPOINT WARNING * * *
The orc priest hits you but does no damage.
You feel better. Something hits you.
* * * LOW HITPOINT WARNING * * *
The orc priest calls down the wrath of Beogh upon you.
Beogh smites you!
You die...
Your body crumbles into a pile of gold.

.......
.?........#..###.######.
.....#
.......#................
.....#
.......(#?##.###......##
.....# .............#
#...##.# .....#
........#.#..###...##.#
.....#
........#.#..........[#
.....#
......Zo#.#.#.##.######
.....#
......#{#.#.#..#.#
.....#
....$.#@o.#.##.#.#
.....#
....).#####.#....#
..)..# ....? ####.#....#
.....# ..... ..........#
.....# #+## ......#...#
.....### #.# ......##..#
.......# #.# ......##..#
.......#
#.#########......#
.......# #..)...#
######.##


You could see an orc priest, an orc and a hound skeleton.

Vanquished Creatures
  Sigmund (D:3)
  2 ogres
  A centaur (D:5)
  A bullfrog zombie (D:5)
  A centaur zombie (D:5)
  A hound (D:5)
  A gnoll shaman (D:4)
  Jessica (D:2)
  A centaur skeleton (D:5)
  3 orc wizards
  7 adders
  8 gnolls
  A shadow imp (D:4)
  A white imp (D:5)
  An adder skeleton (D:5)
  18 orcs
  5 ball pythons
  9 endoplasms
  3 giant cockroaches
  6 goblins
  9 hobgoblins
  3 jackals (D:1)
  7 kobolds
  7 quokkas
  10 bats
  4 frilled lizards
  6 rats
118 creatures vanquished.

Vanquished Creatures (others)
  3 plants (D:3)
3 creatures vanquished.

Grand Total: 121 creatures vanquished

Notes
Turn   | Place    | Note
-------+----------+-------------------------------------------
     0 | D:5      | flotson the Demonspawn Delver began the quest for the Orb.
     0 | D:5      | Reached XP level 1. HP: 18/18 MP: 1/1
    11 | D:5      | Noticed a hound
    36 | D:5      | Reached skill level 1 in Armour
    36 | D:5      | Gained mutation: Spells you cast may paralyse adjacent
                  | enemies. [demonic ancestry]
    36 | D:5      | Reached XP level 2. HP: 6/24 MP: 2/2
    36 | D:5      | Gained mutation: Your demonic aura sometimes causes spilled
                  | blood to erupt in flames. [demonic ancestry]
    36 | D:5      | Reached XP level 3. HP: 8/29 MP: 3/3
   556 | D:4      | Noticed an ogre
   592 | D:4      | Identified the +2 robe of Ulucyamie {rElec Will+}
  1228 | D:1      | Reached XP level 4. HP: 37/37 MP: 4/4
  1850 | D:1      | Found Luongece's Assorted Antiques.
  1853 | D:1      | Bought a dark potion for 21 gold pieces
  1853 | D:1      | Bought a fizzy red potion for 21 gold pieces
  1915 | D:2      | Reached skill level 4 in Fighting
  2122 | D:2      | Found a faded altar of an unknown god.
  2528 | D:2      | Reached XP level 5. HP: 35/42 MP: 5/5
  2626 | D:3      | Noticed Jessica
  2649 | D:2      | Killed Jessica
  2796 | D:3      | Found Ygestee's Assorted Antiques.
  3058 | D:3      | Reached skill level 1 in Throwing
  3392 | D:3      | Gained mutation: You are partially covered in yellow
                  | scales. (AC +2) [demonic ancestry]
  3392 | D:3      | Reached XP level 6. HP: 30/49 MP: 6/6
  3822 | D:3      | Noticed Sigmund
  3837 | D:3      | Killed Sigmund
  4361 | D:4      | Found a staircase to the Ecumenical Temple.
  4370 | Temple   | Entered the Ecumenical Temple
  4382 | Temple   | Became a worshipper of Gozag Ym Sagoz the Greedy
  4399 | D:4      | Reached skill level 5 in Fighting
  4399 | D:4      | Gained mutation: You have a small tail. [demonic ancestry]
  4399 | D:4      | Reached XP level 7. HP: 48/56 MP: 7/7
  4718 | D:4      | Identified the +1 robe of Protective Custody {Str+2 Int+4
                  | Dex-2}
  5503 | D:5      | Reached skill level 1 in Maces & Flails
  5503 | D:5      | Reached skill level 1 in Shields
  5698 | D:5      | Killed from afar by an orc priest

Illustrated notes

Levels and vault maps discovered:
D:1:      dpeg_arrival_pits, layout_loops_ring, serial_shops,
          nicolae_shop_trees, minmay_pentomino_p2
D:2:      layout_loops_ring, ebering_ecumenical_altar_rust
D:3:      layout_loops_corners, serial_shops, nicolae_shop_overgrown_old_shop,
          uniq_sigmund, uniq_jessica
D:4:      layout_gridville, minmay_temple_entry_purple_smoke,
          hangedman_decor_opposing
D:5:      layout_basic
Temple:   eino_narrow_crystal_temple

Skill      XL: |  1  2  3  4  5  6  7 |
---------------+----------------------+-----
Armour         | 1 2 3 |  3.8
Dodging        | 2 3 4 |  4.5
Fighting       | 4 5 |  5.4
Throwing       | 1 2 3 |  3.0
Maces & Flails | 1 |  1.2
Shields        | 1 |  1.1
Axes           | |  1.7
Stealth        | |  4.5

Action                   |  1- 3 |  4- 6 |  7- 9 || total
-------------------------+-------+-------+-------++-------
Melee: Hand axe          |    23 |       |       ||    23
       War axe           |    48 |   180 |       ||   228
       Whip              |       |    76 |   171 ||   247
       Tailslap          |       |       |    30 ||    30
Throw: Dart              |       |    33 |       ||    33
       Javelin           |       |       |     1 ||     1
  Use: Potion            |     1 |       |     3 ||     4
       Scroll            |     1 |       |       ||     1
 Stab: Sleeping          |     5 |    13 |     3 ||    21
Armor: Leather armour    |     5 |    52 |   115 ||   172
       Robe              |    14 |    46 |       ||    60
       Ring mail         |     3 |       |       ||     3
Dodge: Dodged            |    56 |   215 |    94 ||   365
Block: Kite shield       |       |       |    58 ||    58

Table legend: (Time is in decaauts)
 A = Elapsed time spent in this place.
 B = Non-inter-level travel time spent in this place.
 C = Inter-level travel time spent in this place.
 D = Time resting spent in this place.
 E = Time spent auto-exploring this place.
 F = Levels seen in this place.
 G = Mean time per level.
                   A        B        C        D        E       F      G
               +--------+--------+--------+--------+--------+-----+--------+
         Total |   5828 |   5713 |    115 |     50 |   4165 |   6 |  971.3 |
       Dungeon |   5808 |   5695 |    113 |     50 |   4165 |   5 | 1161.6 |
        Temple |     20 |     18 |      2 |      0 |      0 |   1 |   20.0 |
               +--------+--------+--------+--------+--------+-----+--------+

Top non-repeatable levels by time:
     D:3: 1608 daAuts
     D:4: 1196 daAuts
     D:1: 1150 daAuts
     D:2: 953 daAuts
     D:5: 900 daAuts
  Temple: 20 daAuts
